 Dungeon Crawl Stone Soup version 0.17-a0-1655-g88a8506 (webtiles) character file.

130151 Grimur the Warrior (level 16, 0/154 HPs)
             Began as a Minotaur Berserker on Aug 14, 2015.
             Was the Champion of Trog.
             Slain by a redback (9 damage)
             ... on level 1 of the Spider Nest on Aug 15, 2015.
             The game lasted 02:44:59 (32520 turns).

Grimur the Warrior (Minotaur Berserker)            Turns: 32520, Time: 02:45:00

Health: 0/154      AC: 29    Str: 32    XL:     16   Next: 52%
Magic:  13/24      EV: 20    Int:  4    God:    Trog [******]
Gold:   305        SH:  0    Dex: 19    Spells: 0 memorised, 15 levels left

rFire  . . .     SeeInvis +     c - +7 mace "Mojinosuti" {venom, rPois rN+ MR+ MP+9}
rCold  . . .     Clarity  .     r - +8 plate armour "Vicsame" {rCorr Dex+2}
rNeg   + + .     SustAt   .     (no shield)
rPois  +         Gourm    .     (helmet restricted)
rElec  .         Spirit   .     (no cloak)
rCorr  +         Warding  .     i - +0 pair of gloves
rMut   +         Stasis   .     A - +1 pair of boots {run}
MR     +++++                    R - amulet "Wumnayl" {rMut rN+ MR+}
Stlth  ..........               d - ring "Hotifeh" {Dex+4 SInv}
                                e - +4 ring of strength

@: lethally poisoned (0 -> -26), exhausted, about to teleport, regenerating,
quick, almost entirely resistant to hostile enchantments, extremely unstealthy
A: retaliatory headbutt, hooves 1, horns 2, agile 1
a: Burn Spellbooks, Berserk, Trog's Hand, Brothers in Arms, Renounce Religion


You were on level 1 of the Spider Nest.
You worshipped Trog.
Trog was exalted by your worship.
You were very hungry.

You visited 6 branches of the dungeon, and saw 30 of its levels.

You collected 2912 gold pieces.
You spent 2607 gold pieces at shops.

Inventory:

Hand weapons
 a - the +12 broad axe of Ash {flame, +Fly Str+6}
   (You bought it in a shop on level 4 of the Orcish Mines)

   It has been specially enchanted to burn those struck by it, causing extra
   injury to most foes and up to half again as much damage against particularly
   susceptible opponents.
   Big, fiery blades are also staple armaments of hydra-hunters.
   It affects your strength (+6).
   It lets you fly.
 b - the +8 Wrath of Trog {antimagic, *Rage}
   (You acquired it on level 11 of the Dungeon)

   It disrupts the flow of magical energy around spellcasters and certain
   magical creatures (including the wielder).
   It may make you go berserk in combat.
 c - the +7 mace "Mojinosuti" (weapon) {venom, rPois rN+ MR+ MP+9}
   (You found it on level 1 of the Elven Halls)

   It poisons the flesh of those it strikes.
   It protects you from poison.
   It protects you from negative energy.
   It affects your resistance to hostile enchantments.
   It affects your magic capacity (+9).
 s - the +11 battleaxe of Trog's Approval {flame, +Rage Int-5 Stlth+}
   (Trog gifted it to you on level 1 of the Elven Halls)

   It has been specially enchanted to burn those struck by it, causing extra
   injury to most foes and up to half again as much damage against particularly
   susceptible opponents.
   Big, fiery blades are also staple armaments of hydra-hunters.
   It affects your intelligence (-5).
   It lets you go berserk.
   It makes you more stealthy.
Armour
 i - a +0 pair of gloves (worn)
 r - the +8 plate armour "Vicsame" (worn) {rCorr Dex+2}
   (You bought it in a shop on level 4 of the Orcish Mines)

   It affects your dexterity (+2).
   It protects you from acid and corrosion.
 A - a +1 pair of boots of running (worn)
Rods
 B - a +4 rod of clouds (14/14)
   (You found it on level 8 of the Dungeon)
Jewellery
 d - the ring "Hotifeh" (right hand) {Dex+4 SInv}
   (You bought it in a shop on level 10 of the Dungeon)

   [ring of see invisible]

   It affects your dexterity (+4).
   It lets you see invisible.
 e - a +4 ring of strength (left hand)
 y - an uncursed ring of ice
 E - an uncursed ring of protection from fire
 G - an uncursed ring of fire
 R - the amulet "Wumnayl" (around neck) {rMut rN+ MR+}
   (You found it on level 12 of the Dungeon)

   [amulet of resist mutation]

   It protects you from mutation.
   It protects you from negative energy.
   It affects your resistance to hostile enchantments.
 T - a +4 ring of evasion
Magical devices
 k - a wand of draining (12)
 p - a wand of flame (13)
 q - a wand of paralysis (8)
 v - a wand of draining (5)
 C - a wand of digging (14)
 D - a wand of magic darts (25)
 K - a wand of lightning (0)
 L - a wand of lightning (2)
 M - a wand of frost (21)
 N - a wand of disintegration (0)
 O - a wand of paralysis (0)
 P - a wand of confusion (29)
 S - a wand of slowing (30)
 Z - a wand of magic darts (20)
Scrolls
 j - a scroll of enchant weapon
 l - a scroll of magic mapping
 m - 9 scrolls of remove curse
 o - 7 scrolls of teleportation
 u - 6 scrolls of recharging
 Q - 6 scrolls of fear
 U - a scroll of blinking
 W - 4 scrolls of identify
 X - a scroll of silence
Potions
 n - 4 potions of flight
 t - 2 potions of magic
 w - 3 potions of agility
 x - 2 potions of haste
Miscellaneous
 Y - a fan of gales
Comestibles
 f - 11 meat rations
 g - 13 bread rations
 h - 7 slices of pizza
 J - 26 fruits


   Skills:
 * Level 16.9 Fighting
 * Level 14.3(16.5) Axes
 - Level 14.3(16.5) Maces & Flails
 * Level 15.9 Armour
 * Level 15.9 Dodging
 + Level 1.8 Unarmed Combat


You had 15 spell levels left.
You didn't know any spells.

Dungeon Overview and Level Annotations

Branches:
Dungeon (15/15)            Temple (1/1) D:4            Lair (8/8) D:8
 Shoals (0/4) Lair:5       Spider (1/4) Lair:6        Slime (0/6) Lair:8
    Orc (4/4) D:12            Elf (1/3) Orc:4        Vaults (0/5) D:13
 Depths (0/5) D:15

Altars:
Ashenzari
Cheibriados
Dithmenos
Elyvilon
Fedhas
Gozag
Kikubaaqudgha
Makhleb
Nemelex Xobeh
Okawaru
Qazlal
Ru
Sif Muna
Trog
Vehumet
Xom
Yredelemnul
Zin
The Shining One
Jiyva

Shops:
D:10 ?%*   D:12 [   Orc:4 =![=(([*(

Portals:
Trove: D:11 (give 16 scrolls of teleportation)

Annotations:
D:9 exclusion: obsidian statue
D:11 Stash
D:13 Stash
Lair:7 Variousstash
Orc:1 runedhalberdtrog


Innate Abilities, Weirdness & Mutations

You reflexively headbutt those who attack you in melee.
You have a pair of horns on your head.
You have large cloven feet.
You are agile. (Dex +2)


Message History

The wolf spider barely misses you. You furiously retaliate!
You headbutt the wolf spider. The wolf spider bites you.
* * * LOW HITPOINT WARNING * * *
Your deep troll closely misses the wolf spider.
Your deep troll claws the wolf spider but does no damage.
Your deep troll claws the wolf spider!!
The redback misses you.
You barely miss the wolf spider.
You headbutt the wolf spider, but do no damage.
The wolf spider is heavily wounded.
* * * LOW HITPOINT WARNING * * *
You feel very sick. The redback closely misses you. You furiously retaliate!
You headbutt the redback!
The wolf spider hits you but does no damage.
The wolf spider bites you.
* * * LOW HITPOINT WARNING * * *
Your deep troll barely misses the wolf spider.
Your deep troll claws the wolf spider! x2
The redback bites you!
You die...

#......###....##.......
...
####....###..†.....^...
...
#...###.....##......
...
#...........##......
...
##...###^.^......... ..
##### #.#........>.
##...###...#.##..
##^..#.......## .
#.......##s@T# .
#...#.##..ss####...
####.^........^....
#..#..#.s§##....
##.#.(#...##....
.###.§§........ .#
###..##..... ## #..#
..... #$... ....


You could see a wolf spider, an orb spider, 2 redbacks and a friendly deep troll
(berserk).

Vanquished Creatures
  The ghost of karlkraus the Peltast, a powerful MiFi (Orc:4)
  A deep elf sorcerer (Elf:1)
  A deep elf demonologist (Elf:1)
  A deep elf annihilator (Elf:1)
  Snorg (Lair:8)
  3 ogre magi
  A yaktaur captain (D:15)
  10 hydras
  Fannar (Lair:3)
  An entropy weaver (Spider:1)
  2 catoblepae
  5 death yaks (Lair:8)
  2 tengu warriors
  A queen ant (Lair:5)
  3 centaur warriors
  The ghost of HEYYEYAAE the Charlatan, an experienced DDCK of Xom (D:11)
  11 deep elf knights (Elf:1)
  9 skeletal warriors
  2 deep trolls
  9 deep elf summoners (Elf:1)
  2 unseen horrors
  An orc knight (Orc:4)
  Pikel (D:8)
  2 orb spiders (Spider:1)
  A swamp dragon (shapeshifter) (D:14)
  6 hill giants
  7 deep elf conjurers (Elf:1)
  A wizard (D:13)
  6 manticores
  A griffon (D:14)
  5 ugly things
  3 wolf spiders
  2 cyclopes (Orc:4)
  4 elephants
  7 black mambas
  A black mamba (shapeshifter) (D:14)
  A torpor snail (Spider:1)
  The ghost of Grimur the Skirmisher, an experienced MiBe of Trog (D:6)
  10 komodo dragons
  22 spiny frogs
  An efreet (D:15)
  3 demonic crawlers (Spider:1)
  A kobold demonologist (D:14)
  3 fire drakes
  A yaktaur (D:15)
  2 deep elf priests (Elf:1)
  2 polar bears
  A freezing wraith (D:14)
  2 jumping spiders (Spider:1)
  15 trolls
  Prince Ribbit (D:9)
  5 slime creatures (D:14)
  4 giant leeches (Lair:8)
  14 two-headed ogres
  30 blink frogs
  A boulder beetle (Lair:7)
  A snapping turtle (Lair:5)
  A trapdoor spider zombie (D:13)
  4 wraiths
  7 redbacks (Spider:1)
  A spriggan (shapeshifter) (D:14)
  Sigmund (D:2)
  3 tarantellas (Spider:1)
  A water elemental (D:15)
  2 trapdoor spiders
  5 wyverns
  A vampire (D:13)
  12 deep elf fighters (Elf:1)
  A human (D:7)
  5 basilisks
  18 deep elf magi
  4 shadows
  A steam dragon (Lair:5)
  26 yaks
  A hungry ghost (D:10)
  13 vampire mosquitoes
  Grum (Lair:1)
  11 hippogriffs
  A mottled dragon (D:15)
  20 wolves
  6 soldier ants
  13 porcupines
  3 wargs
  13 water moccasins
  6 orc warriors
  An eye of draining (D:14)
  2 spiders (Spider:1)
  A wasp (D:8)
  2 ice beasts
  6 sky beasts
  The ghost of thismeanswarmate the Poker, an average MiGl (D:4)
  2 slaves (D:8)
  2 black bears
  5 centaurs
  2 phantoms
  14 crocodiles
  3 big kobolds
  25 ogres
  A gnoll sergeant (D:7)
  35 giant frogs
  7 scorpions
  A water moccasin skeleton (D:4)
  25 wights
  8 electric eels
  A giant frog zombie (D:10)
  11 crimson imps
  9 jellies
  A quasit (D:10)
  2 centaur skeletons (D:8)
  4 centaur zombies
  A giant frog skeleton (D:12)
  16 iguanas
  8 hounds
  23 orc wizards
  19 orc priests
  22 worker ants
  12 sheep
  3 hound skeletons
  11 gnolls
  40 river rats
  7 shadow imps
  12 adders
  3 oozes
  An adder zombie (D:9)
  5 worms
  2 giant geckos (D:1)
  126 orcs
  7 goblins
  10 hobgoblins
  28 jackals
  7 quokkas
  A ball python (D:1)
  5 bats
  3 giant cockroaches
  2 giant newts
  20 kobolds
  A quokka skeleton (D:4)
  10 rats
  A fungus (Lair:8)
  A plant (D:15)
996 creatures vanquished.

Vanquished Creatures (collateral kills)
  6 death yaks (Lair:8)
  2 elephants (Lair:7)
  3 spiny frogs (Lair:8)
  2 komodo dragons (Lair:8)
  A fire drake (Lair:8)
  3 blink frogs (Lair:8)
  2 yaks (Lair:8)
  3 giant frogs
  An electric eel (Lair:8)
23 creatures vanquished.

Vanquished Creatures (others)
  An unseen horror (D:15)
  An ogre (D:12)
  A kobold (D:7)
  32 fungi
  37 plants
72 creatures vanquished.

Grand Total: 1091 creatures vanquished

Notes
Turn   | Place    | Note
--------------------------------------------------------------
     0 | D:1      | Grimur the Minotaur Berserker began the quest for the Orb.
     0 | D:1      | Reached XP level 1. HP: 19/19 MP: 0/0
   261 | D:1      | Reached XP level 2. HP: 27/27 MP: 1/1
   589 | D:1      | Reached skill level 4 in Fighting
   701 | D:1      | Reached XP level 3. HP: 33/33 MP: 2/2
   836 | D:2      | Acquired Trog's second power
  1007 | D:2      | Noticed Sigmund
  1016 | D:2      | Killed Sigmund
  1016 | D:2      | Reached skill level 5 in Fighting
  1016 | D:2      | Reached XP level 4. HP: 42/42 MP: 3/3
  1016 | D:2      | Reached XP level 5. HP: 48/48 MP: 4/4
  1326 | D:2      | Found a burning altar of Makhleb.
  1830 | D:3      | Found a faded altar to an unknown god.
  2113 | D:3      | Reached XP level 6. HP: 43/56 MP: 5/5
  2572 | D:4      | Reached skill level 1 in Maces & Flails
  2605 | D:4      | Reached skill level 5 in Axes
  2691 | D:4      | Found a stormy altar of Qazlal.
  2785 | D:4      | Reached skill level 6 in Fighting
  2785 | D:4      | Reached skill level 5 in Dodging
  2785 | D:4      | Reached XP level 7. HP: 43/63 MP: 6/6
  3023 | D:4      | Found a staircase to the Ecumenical Temple.
  3033 | Temple   | Entered the Ecumenical Temple
  3323 | D:4      | Acquired Trog's third power
  3491 | D:4      | Noticed thismeanswarmate's ghost (average MiGl)
  3497 | D:4      | Killed thismeanswarmate's ghost
  3599 | D:5      | Entered Level 5 of the Dungeon
  3825 | D:5      | Reached skill level 5 in Armour
  3924 | D:5      | Reached XP level 8. HP: 71/71 MP: 7/7
  4141 | D:5      | Reached skill level 7 in Fighting
  4517 | D:6      | Noticed Grimur's ghost (experienced MiBe)
  4535 | D:6      | Killed Grimur's ghost
  4535 | D:6      | Reached skill level 5 in Maces & Flails
  5184 | D:6      | Reached XP level 9. HP: 76/81 MP: 8/8
  5448 | D:6      | Reached skill level 8 in Fighting
  5760 | D:7      | Found a sparkling altar of Nemelex Xobeh.
  6439 | D:8      | Reached skill level 9 in Fighting
  6570 | D:8      | Found a staircase to the Lair.
  6595 | D:8      | Reached XP level 10. HP: 60/91 MP: 9/9
  6887 | D:8      | Noticed Pikel
  6909 | D:8      | Killed Pikel
  6970 | D:8      | Identified a +4 rod of clouds (14/14) (You found it on level 8 of the Dungeon)
  6994 | D:8      | Noticed a hill giant
  7001 | D:8      | Killed a hill giant
  7281 | D:8      | Noticed a hill giant
  7291 | D:8      | Killed a hill giant
  7291 | D:8      | Reached skill level 10 in Fighting
  7342 | D:8      | Noticed a red ugly thing
  7354 | D:8      | Killed a red ugly thing
  7998 | D:9      | Noticed an obsidian statue
  8048 | D:9      | Received a gift from Trog
  8529 | D:9      | Noticed Prince Ribbit
  8556 | D:9      | Got a brightly glowing trident
  8770 | D:9      | Reached XP level 11. HP: 95/101 MP: 10/10
  8793 | D:9      | Killed Prince Ribbit
  8875 | D:10     | Entered Level 10 of the Dungeon
  8897 | D:10     | Found Runen's Magic Scroll Boutique.
  8942 | D:10     | Gained mutation: You are dopey. (Int -2) [potion of mutation]
  8942 | D:10     | Gained mutation: Your magical capacity is low (-10% MP). [potion of mutation]
  8942 | D:10     | Gained mutation: You have large cloven feet. [potion of mutation]
  8943 | D:10     | Lost mutation: Your magical capacity is low (-10% MP). [potion of cure mutation]
  8943 | D:10     | Lost mutation: You are dopey. (Int -2) [potion of cure mutation]
  9166 | D:10     | Gained mutation: You are agile. (Dex +2) [potion of beneficial mutation]
  9268 | D:10     | Reached skill level 10 in Dodging
  9376 | D:10     | Reached skill level 11 in Fighting
  9624 | D:10     | Found Neunk's Food Emporium.
  9627 | D:10     | Found Huma's General Store.
  9645 | D:10     | Bought the ring "Hotifeh" {Dex+4 SInv} for 364 gold pieces
  9794 | D:11     | Noticed a skeletal warrior
  9807 | D:11     | Killed a skeletal warrior
  9808 | D:11     | Noticed a skeletal warrior
  9808 | D:11     | Noticed a skeletal warrior
  9810 | D:11     | Noticed a skeletal warrior
 10048 | Lair:1   | Entered Level 1 of the Lair of Beasts
 10119 | Lair:1   | Received a gift from Trog
 10367 | Lair:1   | Noticed a six-headed hydra
 10374 | Lair:1   | Killed a six-headed hydra
 10749 | Lair:1   | Noticed Grum
 10758 | Lair:1   | Killed Grum
 11244 | Lair:2   | Reached skill level 10 in Maces & Flails
 11392 | Lair:2   | Reached skill level 12 in Fighting
 11392 | Lair:2   | Reached skill level 10 in Armour
 11755 | Lair:2   | Reached XP level 12. HP: 65/112 MP: 11/11
 12331 | Lair:3   | Noticed a six-headed hydra
 12342 | Lair:3   | Received a gift from Trog
 12395 | Lair:3   | Killed a six-headed hydra
 12734 | Lair:3   | Noticed Fannar
 12743 | Lair:3   | Killed Fannar
 13212 | Lair:4   | Noticed a four-headed hydra
 13223 | Lair:4   | Killed a four-headed hydra
 13409 | Lair:4   | Noticed a four-headed hydra
 13419 | Lair:4   | Killed a four-headed hydra
 13419 | Lair:4   | Reached skill level 10 in Axes
 13620 | Lair:4   | Reached skill level 13 in Fighting
 14642 | Lair:5   | Received a gift from Trog
 14744 | Lair:5   | Reached XP level 13. HP: 122/122 MP: 12/12
 15183 | Lair:5   | Found a staircase to the Shoals.
 15467 | Lair:6   | Found a hole to the Spider Nest.
 17999 | Lair:7   | Received a gift from Trog
 17999 | Lair:7   | Reached skill level 14 in Fighting
 19215 | Lair:8   | Entered Level 8 of the Lair of Beasts
 19631 | Lair:8   | Reached XP level 14. HP: 112/133 MP: 13/13
 19645 | Lair:8   | Received a gift from Trog
 19657 | Lair:7   | HP: 6/133 [komodo dragon (2)]
 20826 | Lair:8   | Found a runed door.
 20828 | Lair:8   | Found a viscous altar of Jiyva.
 20906 | Lair:8   | Noticed Snorg
 20916 | Lair:8   | Killed Snorg
 20916 | Lair:8   | Reached skill level 15 in Fighting
 21281 | Lair:8   | Found a staircase to the Slime Pits.
 21289 | Lair:8   | Received a gift from Trog
 21567 | D:11     | Killed a skeletal warrior
 21571 | D:11     | Killed a skeletal warrior
 21575 | D:11     | Killed a skeletal warrior
 21577 | D:11     | Noticed a skeletal warrior
 21586 | D:11     | Killed a skeletal warrior
 22120 | D:11     | Identified 3 scrolls of acquirement
 22143 | D:11     | Got a crystal executioner's axe
 22144 | D:11     | Identified the +1 executioner's axe "Leym" {chop, Str+4} (You acquired it on level 11 of the Dungeon)
 22324 | D:11     | Found a portal to a secret trove of treasure.
 22503 | D:11     | Noticed HEYYEYAAE's ghost (experienced DDCK)
 22510 | D:11     | Killed HEYYEYAAE's ghost
 23290 | D:12     | Found a glowing silver altar of Zin.
 23702 | D:12     | Got a clouded zirconium amulet
 23704 | D:12     | Found Lelihorch's Armour Shop.
 23765 | D:12     | Found a staircase to the Orcish Mines.
 24426 | D:13     | Identified the amulet "Wumnayl" {rMut rN+ MR+} (You found it on level 12 of the Dungeon)
 24494 | D:13     | Reached XP level 15. HP: 131/141 MP: 14/14
 24547 | D:13     | Found a frozen archway.
 24632 | D:13     | Found a gate to the Vaults.
 25800 | D:14     | Received a gift from Trog
 26347 | D:15     | Entered Level 15 of the Dungeon
 26595 | D:15     | Reached skill level 16 in Fighting
 26595 | D:15     | Reached skill level 15 in Dodging
 26602 | D:15     | Found a staircase to the Depths.
 27786 | Orc:1    | Entered Level 1 of the Orcish Mines
 27835 | Orc:1    | Received a gift from Trog
 28294 | Orc:1    | Received a gift from Trog
 29013 | Orc:4    | Entered Level 4 of the Orcish Mines
 29013 | Orc:4    | Found Wavekku's Distillery.
 29013 | Orc:4    | Found Effoel's Jewellery Boutique.
 29015 | Orc:4    | Bought a potion of heal wounds for 60 gold pieces
 29053 | Orc:4    | Found Pestrent's Weapon Boutique.
 29338 | Orc:4    | Reached skill level 15 in Armour
 29394 | Orc:4    | Noticed karlkraus's ghost (powerful MiFi)
 29403 | Orc:4    | Received a gift from Trog
 29410 | Orc:4    | Killed karlkraus's ghost
 29514 | Orc:4    | Found Humebuelua's Armour Emporium.
 29515 | Orc:4    | Found Zauklolur's Armour Shoppe.
 29517 | Orc:4    | Found Piada's Jewellery Shop.
 29520 | Orc:4    | Found Xora's Antique Weapon Emporium.
 29586 | Orc:4    | Found Vyenaph's Assorted Antiques.
 29592 | Orc:4    | Found a staircase to the Elven Halls.
 29620 | Orc:4    | Bought the +12 broad axe of Ash {flame, +Fly Str+6} for 1066 gold pieces
 29779 | Orc:4    | Found Ledawk's Weapon Shoppe.
 30003 | Orc:4    | Bought the +8 plate armour "Vicsame" {rCorr Dex+2} for 1117 gold pieces
 30043 | Elf:1    | Entered Level 1 of the Elven Halls
 30247 | Elf:1    | Reached XP level 16. HP: 152/152 MP: 5/15
 30252 | Elf:1    | Received a gift from Trog
 30270 | Elf:1    | Got a steaming mace
 30271 | Elf:1    | Identified the +7 mace "Mojinosuti" {venom, rPois rN+ MR+ MP+9} (You found it on level 1 of the Elven Halls)
 30614 | Elf:1    | Received a gift from Trog
 30653 | Elf:1    | Got a warped battleaxe {god gift}
 30654 | Elf:1    | Identified the +11 battleaxe of Trog's Approval {flame, +Rage Int-5 Stlth+} (Trog gifted it to you on level 1 of the Elven Halls)
 31450 | Elf:1    | Upgraded the game from 0.17-a0-1651-gae1a69f to 0.17-a0-1655-g88a8506
 31871 | Spider:1 | Entered Level 1 of the Spider Nest
 31893 | Spider:1 | Received a gift from Trog
 32212 | Spider:1 | Reached skill level 1 in Unarmed Combat
 32283 | Spider:1 | Identified a +1 pair of boots of running (You found it on level 1 of the Spider Nest)
 32520 | Spider:1 | Slain by a redback

Vault maps used:
D:1:      dpeg_arrival_subterranean_lakeside_camping
D:2:      nicolae_overflow_crystal_walls, first_bread, uniq_sigmund
D:3:      corexii_shack_village, ecumenical_altar_1
D:4:      minmay_temple_entry_nine_rooms, minmay_misc_feat_roman,
          grunt_qazlal_clouds
D:5:      st_stairs_1
D:7:      lemuel_ice_spiral_2, grunt_livestock, nemelex_lonely_heart_becter
D:8:      minmay_tri_box, erik_lair_orcish_takeover, uniq_pikel
D:9:      minmay_statue_hallways, uniq_prince_ribbit1
D:10:     serial_shops, shop, shop, nicolae_shop_scaring_up_business,
          grunt_decor_resistance, columned_hall_lemuel
D:11:     trove_entry_hex_spiral
D:12:     orc_0_dummy, basic_altar, serial_shops, shop_coins
D:13:     david_vaults_1, portal_ice_cave_entry_pillars_03
D:14:     lab_entry_generic, grunt_potential
D:15:     grunt_enter_depths_snipers, minmay_misc_feat_nine_boxes,
          serial_bayou_pond_c, serial_bayou_lake_a
Temple:   kilobyte_greek_temple_18
Lair:1:   grunt_forest_stairs_basic, beast_lair_carwin_1, uniq_grum
Lair:2:   lemuel_fruit_fields
Lair:3:   uniq_fannar
Lair:5:   minmay_shoals_entry_hut, minivault_25, wad_woods_antlair,
          lemuel_fruit_fields
Lair:6:   spider_nest_entry_web_field, serial_bayou_shore_b,
          lemuel_fruit_fields, serial_bayou_shore_b, serial_bayou_shore_b
Lair:7:   infiniplex_staircase_pool_2
Lair:8:   minmay_lair_end_frog_pond, slime_altar_2, minivault_11, uniq_snorg
Spider:1: spider_trap, hangedman_spider_tarantella_strand
Orc:2:    serial_shops, nicolae_shop_window_shopping
Orc:3:    nicolae_orc_pool_cavern
Orc:4:    st_orc_open, serial_shops, shop, nicolae_shop_stone,
          nicolae_shop_stone, nicolae_shop_statue_plus, shop
Elf:1:    eino_elf_arrival_sip, minmay_elf_sorcery, grunt_ministairs_6,
          library_closet, small_chamber_with_monster, grunt_megastairs_3

Action                   |  1- 3 |  4- 6 |  7- 9 | 10-12 | 13-15 | 16-18 || total
-------------------------+-------+-------+-------+-------+-------+-------++-------
Melee: Hand axe          |    55 |    36 |       |       |       |       ||    91
       Flail             |       |    64 |   250 |    74 |       |       ||   388
       Great mace        |       |       |       |   400 |   424 |       ||   824
       Dire flail        |       |       |       |    40 |       |       ||    40
       War axe           |       |       |       |    16 |       |       ||    16
       Executioner's axe |       |       |       |       |   407 |       ||   407
       Battleaxe         |       |       |       |       |    90 |   117 ||   207
       Broad axe         |       |       |       |       |    10 |    12 ||    22
       Mace              |       |       |       |       |     3 |    69 ||    72
Invok: Berserk           |     1 |     1 |     6 |     6 |    12 |       ||    26
       Trog's Hand       |       |       |     2 |     2 |     6 |     1 ||    11
       Burn Spellbooks   |       |       |     1 |     4 |     4 |     2 ||    11
       Brothers in Arms  |       |       |       |       |     4 |     1 ||     5
Evoke: Wand              |       |       |     1 |     4 |    23 |     7 ||    35
  Use: Scroll            |     5 |     3 |    15 |    15 |    22 |     5 ||    65
       Potion            |     2 |     3 |     2 |     8 |    13 |     2 ||    30
 Stab: Sleeping          |     1 |       |       |       |       |       ||     1
       Paralysed         |       |       |       |       |     3 |       ||     3
       Petrifying        |       |       |       |       |     1 |       ||     1
  Eat: Chunk             |       |     8 |     7 |    17 |    18 |     7 ||    57
       Pizza             |       |       |     4 |     2 |     2 |       ||     8
       Bread ration      |       |       |     1 |     2 |     1 |       ||     4
       Beef jerky        |       |       |       |     2 |     4 |     2 ||     8
       Royal jelly       |       |       |       |     1 |       |       ||     1
       Fruit             |       |       |       |       |     4 |       ||     4
       Meat ration       |       |       |       |       |     8 |     1 ||     9
